 Dungeon Crawl Stone Soup version 0.22-a0-460-g49b1da7 (webtiles) character file.

27 Cunctator the Digger (level 3, 0/19 HPs)
             Began as a Gargoyle Earth Elementalist on June 9, 2018.
             Slain by a hobgoblin (1 damage)
             ... on level 1 of the Dungeon.
             The game lasted 00:02:05 (796 turns).

Cunctator the Digger (Gargoyle Earth Elementalist)   Turns: 796, Time: 00:02:06

Health: 0/19       AC:  5    Str: 11    XL:     3   Next: 10%
Magic:  6/7        EV: 12    Int: 16    God:
Gold:   67         SH:  0    Dex: 10    Spells: 6/7 levels left

rFire    . . .     SeeInvis .   h - -3 club (curse)
rCold    . . .     Gourm    .   (no shield)
rNeg     + . .     Faith    .   c - +0 robe
rPois    ∞         Spirit   .   (no helmet)
rElec    +         Reflect  .   (no cloak)
rCorr    .         Harm     .   (no gloves)
MR       .....                  (no boots)
Stlth    ++........             (no amulet)
HPRegen  0.06/turn              (no ring)
MPRegen  0.10/turn              (no ring)

@: no status effects
A: negative energy resistance 1, electricity resistance, unbreathing,
petrification resistance, rot immunity, AC +3
a: no special abilities


You were on level 1 of the Dungeon.
You were not hungry.

You visited 1 branch of the dungeon, and saw 1 of its levels.

You collected 67 gold pieces.

Inventory:

Hand Weapons
 h - a cursed -3 club (weapon)
Missiles
 b - 52 stones (quivered)
Armour
 c - a +0 robe (worn)
 g - a +0 leather armour
 j - a +0 buckler
Scrolls
 f - a scroll of teleportation {unknown}
 i - a scroll of remove curse {unknown}
 k - a scroll of identify {unknown}
Potions
 a - a potion of mutation {unknown}
 e - a potion of cancellation {unknown}
Comestibles
 d - 2 rations


   Skills:
 - Level 1.5 Dodging
 - Level 2.1 Stealth
 + Level 2.6 Spellcasting
   Level 0.7 Transmutations
 + Level 4.4 Earth Magic


You had 6 spell levels left.
You knew the following spells:

 Your Spells              Type           Power        Failure   Level  Hunger
a - Sandblast             Erth           ###...       3%          1    #......

Your spell library contained the following spells:

 Spells                   Type           Power        Failure   Level  Hunger
 Stone Arrow              Conj/Erth      #.....       24%         3    ###....
 Passwall                 Tmut/Erth      ##......     10%         2    ##.....
 Lee's Rapid Deconstruct  Erth           ###.......   65%         5    ######.
 Petrify                  Tmut/Erth      ##......     54%         4    #####..


Dungeon Overview and Level Annotations

Branches:
Dungeon (1/15)

Altars:


Innate Abilities, Weirdness & Mutations

You are resistant to torment.
Your stone body is resilient. (AC +3)
You are immune to poison.
You resist negative energy. (rN+)
You are resistant to electric shocks. (rElec)
You can survive without breathing.
You are immune to petrification.
You are immune to rotting.


Message History

You are too injured to fight recklessly!
You are too injured to fight recklessly!
You are too injured to fight recklessly!
You are too injured to fight recklessly!
You are too injured to fight recklessly!
You are too injured to fight recklessly!
You are too injured to fight recklessly!
You are too injured to fight recklessly!
You are too injured to fight recklessly!
You are too injured to fight recklessly!
You are too injured to fight recklessly!
You are too injured to fight recklessly!
You barely miss the hobgoblin. The gnoll hits you with a flail.
* * * LOW HITPOINT WARNING * * *
The hobgoblin hits you.
* * * LOW HITPOINT WARNING * * *
You barely miss the hobgoblin. The hobgoblin hits you.
* * * LOW HITPOINT WARNING * * *
The gnoll closely misses you. The hobgoblin hits you.
You die...

## ..# ...# #########
....#
..>.....##########.....#
###.............@g.....#
..#.P≈≈P.P≈≈P.###g.....#
....≈≈≈≈.≈≈≈≈..........#
##
....≈≈≈≈.≈≈≈≈..###.....#
###. ....≈≈≈≈.≈≈≈≈..#
.....# #...
##..≈≈≈≈.≈≈≈≈..# ######
#.## #..≈≈≈≈.≈≈≈≈..#
###.## #..≈≈≈≈.≈≈≈≈..#
#..... #..≈≈≈≈.≈≈≈≈..##
#####..###


You could see a gnoll and a hobgoblin.

Vanquished Creatures
  A gnoll (D:1)
  2 leopard geckos (D:1)
  2 goblins (D:1)
  3 jackals (D:1)
  A kobold (D:1)
  2 bats (D:1)
  2 frilled lizards (D:1)
  2 rats (D:1)
15 creatures vanquished.

Notes
Turn   | Place    | Note
-------+----------+-------------------------------------------
     0 | D:1      | Cunctator the Gargoyle Earth Elementalist began the quest for the Orb.
     0 | D:1      | Reached XP level 1. HP: 10/10 MP: 3/3
   316 | D:1      | Reached skill level 4 in Earth Magic
   316 | D:1      | Reached XP level 2. HP: 15/15 MP: 1/5
   502 | D:1      | Reached XP level 3. HP: 6/19 MP: 4/6
   796 | D:1      | Slain by a hobgoblin

Vault maps used:
D:1:      giann_bridges

Skill      XL: |  1 |
---------------+----+-----
Earth Magic    | 4 |  4.4
Dodging        | |  1.5
Stealth        | |  2.1
Spellcasting   | |  2.6
Transmutations | |  0.7

Action                   || total
-------------------------++-------
Melee: Unarmed           ||    38
       Club              ||     5
 Cast: Sandblast         ||    15
Armor: Robe              ||    21
Dodge: Dodged            ||    44

Table legend:
 A = Spawn XP
 B = Non-spawn XP
 C = Spawn XP percentage of total XP
 D = Spawn monster count
 E = Non-spawn monster count
 F = Spawn count percentage of total count
 G = Total turns spent on level
                    A         B        C        D         E        F      G
               +---------+---------+-------+---------+---------+-------+---------
         Total |       0 |      39 |   0.0 |       0 |      15 |   0.0 |   796
               +---------+---------+-------+---------+---------+-------+---------
           D:1 |       0 |      39 |   0.0 |       0 |      15 |   0.0 |   796
               +---------+---------+-------+---------+---------+-------+---------
